 Dungeon Crawl Stone Soup version 0.18-a0-750-g37044d6 (webtiles) character file.

70 Duffy the Chopper (level 4, 38/40 HPs)
             Began as a Minotaur Berserker on Dec 12, 2015.
             Was a Believer of Trog.
             Quit the game on level 3 of the Dungeon.
             The game lasted 00:01:22 (1611 turns).

Duffy the Chopper (Minotaur Berserker)              Turns: 1611, Time: 00:01:22

Health: 38/40      AC: 10    Str: 18    XL:     4   Next: 4%
Magic:  3/3        EV:  8    Int:  4    God:    Trog [**....]
Gold:   42         SH:  0    Dex: 11    Spells: 0 memorised, 3 levels left

rFire  . . .     SeeInvis .     a - +0 hand axe
rCold  . . .     Clarity  .     k - +0 chain mail
rNeg   . . .     SustAt   .     (no shield)
rPois  .         Gourm    .     (helmet restricted)
rElec  .         Spirit   .     (no cloak)
rCorr  .         Dismiss  .     h - +0 pair of gloves (curse)
rMut   .         Stasis   .     (no boots)
MR     .....                    (no amulet)
Stlth  ..........               (no ring)
                                v - -3 ring of strength (curse)

@: not resistant to hostile enchantments, extremely unstealthy
A: retaliatory headbutt, horns 2
a: Berserk, Trog's Hand, Burn Spellbooks, Renounce Religion


You were on level 3 of the Dungeon.
You worshipped Trog.
Trog was pleased with you.
You were not hungry.

You visited 1 branch of the dungeon, and saw 3 of its levels.

You collected 42 gold pieces.


Innate Abilities, Weirdness & Mutations

You reflexively headbutt those who attack you in melee.
You have a pair of horns on your head.


   Skills:
 + Level 4.2 Fighting
 * Level 4.5 Axes
 + Level 3.4 Armour
 + Level 2.7 Dodging


You had 3 spell levels left.
You didn't know any spells.

Inventory:

Hand Weapons
 a - a +0 hand axe (weapon)
Missiles
 e - 21 poisoned needles
Armour
 b - a +0 animal skin
 h - a cursed +0 pair of gloves (worn)
 k - a +0 chain mail (worn)
Jewellery
 v - a cursed -3 ring of strength (left hand)
Scrolls
 g - 2 scrolls of remove curse {unknown}
 i - 2 scrolls of immolation {unknown}
 j - 2 scrolls of enchant weapon {unknown}
 m - a scroll of fog {unknown}
 n - a scroll of teleportation {unknown}
 s - a scroll of fear {unknown}
Potions
 f - 2 potions of curing {unknown}
 l - a potion of beneficial mutation {unknown}
 o - a potion of brilliance {unknown}
 q - a potion of lignification {unknown}
 t - 2 potions of cancellation {unknown}
Comestibles
 c - 2 bread rations
 d - a slice of pizza
 p - 2 meat rations
 r - a beef jerky
 u - a chunk of flesh

Dungeon Overview and Level Annotations

Branches:
Dungeon (3/15)

Altars:
Nemelex Xobeh


Message History

You butcher the orc corpse.
u - 3 chunks of flesh
Things that are here:
a mace; a runed leather armour Eating one of 3 chunks of flesh.
This raw flesh tastes terrible.
You are feeling hungry.
You continue eating. x2
Eating one of 2 chunks of flesh.
This raw flesh tastes terrible.
You continue eating. x2
HP restored.
v - a pearl ring You open the door.
A kobold comes into view. It is wielding a short sword.
The kobold throws a stone.
The stone hits you but does no damage.
Put on which piece of jewellery? (? for menu, Esc to quit)
You feel weaker.
Oops, that ring feels deathly cold.
v - a cursed -3 ring of strength (left hand)
The kobold throws a stone.
The stone closely misses you.
There is an open door here.
You miss the kobold. Your headbutt misses the kobold.
The kobold hits you but does no damage.
You hit the kobold.
The kobold is moderately wounded.
The kobold closely misses you.
You completely miss the kobold.
The kobold is moderately wounded.
The kobold hits you with a short sword.
You hit the kobold but do no damage.
The kobold is moderately wounded.
The kobold closely misses you.
You hit the kobold.
You kill the kobold!
Trog accepts your kill.
Are you sure you want to abandon this character and quit the game? (Confirm with "yes".)

###.########
#........##. #.#
#........##.# #.#
#........# .. #)#
#........# #. #)#
#........# #.##.#
#........# #..#.##
#........####.#..#
......)@.'(......#
#........####....#
##########
#..>.....
#.####### #.. ###


There were no monsters in sight!

Action                   |  1- 3 |  4- 6 || total
-------------------------+-------+-------++-------
Melee: Hand axe          |    77 |     5 ||    82
  Eat: Chunk             |       |     2 ||     2

Notes
Turn   | Place    | Note
--------------------------------------------------------------
     0 | D:1      | Duffy the Minotaur Berserker began the quest for the Orb.
     0 | D:1      | Reached XP level 1. HP: 19/19 MP: 0/0
   444 | D:1      | Reached XP level 2. HP: 27/27 MP: 1/1
   584 | D:1      | Reached skill level 4 in Axes
   730 | D:1      | Reached ** piety under Trog
   838 | D:2      | Reached skill level 4 in Fighting
   838 | D:2      | Reached skill level 3 in Armour
   838 | D:2      | Reached XP level 3. HP: 33/33 MP: 2/2
   954 | D:2      | Found a sparkling altar of Nemelex Xobeh.
  1535 | D:3      | Reached XP level 4. HP: 32/40 MP: 3/3
  1611 | D:3      | Quit the game

Vault maps used:
D:1:      zaba_arrival_water, lemuel_old_faithful
D:2:      minmay_fountain_box, corexii_shack, nemelex_deck
D:3:      first_bread, minmay_ruptured

Vanquished Creatures
  3 adders
  An ooze
  4 orcs
  A ball python
  A giant cockroach
  3 goblins
  5 hobgoblins
  6 kobolds
  3 bats
  4 giant newts
  5 rats
36 creatures vanquished.
